 Dungeon Crawl Stone Soup version 0.22-b1-26-g9dbaab1 (webtiles) character file.

63 Lew the Sneak (level 3, -8/18 HPs)
             Began as a Spriggan Assassin on Aug 6, 2018.
             Mangled by a hornet (12 damage)
             ... on level 3 of the Dungeon.
             The game lasted 00:10:24 (6396 turns).

Lew the Sneak (Spriggan Assassin)                   Turns: 6396, Time: 00:10:25

Health: -8/18      AC:  3    Str:  5 (7)  XL:     3   Next: 87%
Magic:  4/4        EV: 18    Int: 12      God:
Gold:   58         SH:  0    Dex: 18      Spells: 2/2 levels left

rFire    . . .     SeeInvis +   a - +2 dagger
rCold    . . .     Gourm    .   (shield restricted)
rNeg     . . .     Faith    .   c - +0 robe
rPois    .         Spirit   .   (helmet restricted)
rElec    .         Reflect  .   d - +0 cloak
rCorr    .         Harm     .   (gloves unavailable)
MR       .....                  (boots unavailable)
Stlth    ++++......             (no amulet)
HPRegen  0.06/turn              (no ring)
MPRegen  0.09/turn              (no ring)

@: slowed, quick
A: very small, unfitting armour, see invisible, herbivore, speed 3, slow
metabolism 2
a: no special abilities


You were on level 3 of the Dungeon.
You were not hungry.

You visited 1 branch of the dungeon, and saw 3 of its levels.

You collected 58 gold pieces.

Inventory:

Hand Weapons
 a - a +2 dagger (weapon)
 b - a +0 blowgun
 q - a +0 dagger
 u - a +0 dagger
Missiles
 e - 12 poisoned needles
 f - 2 curare-tipped needles
 h - 95 stones (quivered)
 j - 8 needles of paralysis
Armour
 c - a +0 robe (worn)
 d - a +0 cloak (worn)
Wands
 r - a wand of enslavement (13)
Scrolls
 i - 5 scrolls of identify
 k - 2 scrolls of teleportation
 l - a scroll of enchant weapon {unknown}
 n - a scroll of fear {unknown}
 o - 3 scrolls of remove curse {unknown}
 t - a scroll of enchant armour {unknown}
Potions
 m - 2 potions of curing
 p - 2 potions of might {unknown}
 s - a potion of flight {unknown}
 v - a potion of degeneration
Comestibles
 g - 7 rations


   Skills:
 * Level 1.9 Fighting
 + Level 2.6 Short Blades
 - Level 2.1 Throwing
 * Level 2.5 Dodging
 + Level 7.3 Stealth


You had 2 spell levels left.
You didn't know any spells.
Your spell library was empty.

Dungeon Overview and Level Annotations

Branches:
Dungeon (3/15)

Altars:

Annotations:
D:3 Robin


Innate Abilities, Weirdness & Mutations

You are very small and have problems with some larger weapons.
You are too small for most types of armour.
You have supernaturally acute eyesight. (SInv)
You are a herbivore.
You cover ground extremely quickly.
You need to consume almost no food.


Message History

You hit the bat.
The bat is moderately wounded.
The bat closely misses you. The bat misses you.
You hit the bat.
You kill the bat!
You hit the hornet.
The hornet is lightly wounded.
The hornet completely misses you.
You hit the hornet.
The hornet is lightly wounded.
The hornet barely misses you.
You hit the hornet but do no damage.
The hornet is lightly wounded.
The hornet stings you!
Ouch! That really hurt!
* * * LOW HITPOINT WARNING * * *
You feel yourself slow down. The hornet closely misses you.
The hornet stings you!
Ouch! That really hurt!
You die...

################
#......?.......# ##
#..............# ..
+........@.....+ ..#
#.........y....# ..##
#..............# #...
..%............#
#..#####+####'##.......
#.....# #.##........
###...# #.##........
......###.# #.##........
###.......####+##.......


You could see a hornet.

Vanquished Creatures
  An adder (D:2)
  An ooze (D:2)
  2 leopard geckos (D:2)
  2 giant cockroaches
  5 goblins
  11 hobgoblins
  A jackal (D:3)
  6 bats
  7 kobolds
  5 rats
41 creatures vanquished.

Notes
Turn   | Place    | Note
-------+----------+-------------------------------------------
     0 | D:1      | Lew the Spriggan Assassin began the quest for the Orb.
     0 | D:1      | Reached XP level 1. HP: 10/10 MP: 2/2
   226 | D:1      | Reached skill level 6 in Stealth
   491 | D:1      | Reached XP level 2. HP: 14/14 MP: 3/3
  5059 | D:2      | Reached XP level 3. HP: 18/18 MP: 4/4
  5061 | D:2      | Reached skill level 7 in Stealth
  6147 | D:3      | Noticed a hornet
  6163 | D:3      | Noticed Robin
  6396 | D:3      | Mangled by a hornet

Skill      XL: |  1  2  3 |
---------------+----------+-----
Stealth        | 6 7 |  7.3
Dodging        | 2 |  2.5
Fighting       | |  1.9
Short Blades   | |  2.6
Throwing       | |  2.1

Action                   || total
-------------------------++-------
Melee: Dagger            ||   134
 Fire: Blowgun           ||     6
Throw: Stone             ||     5
  Use: Potion            ||     3
       Scroll            ||     1
 Stab: Sleeping          ||    16
  Eat: Ration            ||     2
Armor: Robe              ||    14
Dodge: Dodged            ||   102
